 Dungeon Crawl Stone Soup version 0.32-a0-18-g89e19f1974 (webtiles) character file.

Game seed: 7955182460966942078

14900 Curundu the Severer (level 11, -5/97 HPs)
             Began as a Minotaur Berserker on Jan 17, 2024.
             Was a High Priest of Trog.
             Slain by a slime creature (15 damage)
             ... on level 11 of the Dungeon.
             The game lasted 00:39:52 (11327 turns).

Curundu the Severer (Minotaur Berserker)           Turns: 11327, Time: 00:39:53

Health: -5/97      AC: 19    Str: 28    XL:     11   Next: 94%
Magic:  10/10      EV:  8    Int: 10    God:    Trog [*****.]
Gold:   614        SH:  0    Dex: 11    Spells: 10/10 levels left

rFire   . . .        o - +3 flail
rCold   . . .        (no shield)
rNeg    . . .        M - +0 plate armour
rPois   +            (helmet restricted)
rElec   .            (no cloak)
rCorr   .            e - +0 pair of gloves
SInv    .            E - +2 pair of boots {rampage}
Will    .....        b - amulet of the acrobat Stlth
                     d - +4 ring of slaying
HPRegen 0.36/turn    F - ring "Kibis" {rPois Str+3 Int+6}
MPRegen 0.12/turn

%: acrobat, rampage
@: no status effects
A: horns 2, retaliatory headbutt
a: Renounce Religion, Berserk, Trog's Hand, Brothers in Arms


You were on level 11 of the Dungeon.
You worshipped Trog.
Trog was extremely pleased with you.
You visited 1 branch of the dungeon, and saw 12 of its levels.
You also visited: Ossuary.

You collected 654 gold pieces.
You spent 40 gold pieces at shops.

Inventory:

Hand Weapons
 g - a +0 war axe
 o - a +3 flail (weapon)
Missiles
 y - 3 boomerangs
 H - 6 javelins
 K - 13 poisoned darts
 L - a throwing net (quivered)
Armour
 e - a +0 pair of gloves (worn)
 E - a +2 pair of boots of rampaging (worn)
 M - a +0 plate armour (worn)
Jewellery
 a - the ring of the Open Hand {Fly rPois rC- Dex+3 SInv}
   (You acquired it on level 10 of the Dungeon)

   [ring of flight]

   Dex+3:     It affects your dexterity (+3).
   rC-:       It makes you vulnerable to cold.
   rPois:     It protects you from poison SInv: It lets you see invisible.
   Fly:       It grants you flight.
 b - an amulet of the acrobat (around neck)
 d - a +4 ring of slaying (left hand)
 i - a +5 ring of evasion
 p - a ring of resist corrosion
 t - a +4 ring of protection
 v - an amulet of reflection
 B - a ring of positive energy
 F - the ring "Kibis" (right hand) {rPois Str+3 Int+6}
   (You found it on level 8 of the Dungeon)

   [ring of intelligence]

   Str+3:     It affects your strength (+3).
   Int+6:     It affects your intelligence (+6).
   rPois:     It protects you from poison
 G - a +4 ring of protection
Wands
 w - a wand of polymorph (3)
 A - a wand of flame (23)
 I - a wand of roots (9)
 J - a wand of charming (7)
Scrolls
 c - 5 scrolls of teleportation
 k - 3 scrolls of fog
 s - a scroll of poison
 u - 2 scrolls of immolation
Potions
 f - a potion of heal wounds {unknown}
 h - 3 potions of might {unknown}
 j - 2 potions of brilliance
 l - 2 potions of mutation
 n - a potion of lignification {unknown}
 q - 2 potions of enlightenment
 r - a potion of resistance
 x - a potion of degeneration {unknown}
 z - a potion of ambrosia {unknown}
 C - 2 potions of cancellation


   Skills:
 + Level 9.6 Fighting
 - Level 19.2 Axes
 + Level 9.2 Armour
 - Level 2.8 Dodging


You had 10 spell levels left.
You didn't know any spells.
Your spell library was empty.

Dungeon Overview and Level Annotations

Branches:
Dungeon (12/15)            Temple (0/1) D:7            Lair (0/5) D:9
    Orc (0/2) D:9         Ossuary (visited)

Altars:
Dithmenos
Elyvilon
Fedhas
Hepliaklqana
Makhleb
Okawaru
Ru
Vehumet
Wu Jian
The Shining One

Shops:
D:4 ?   D:10 [

Annotations:
D:12 exclusion: orange crystal statue, Maurice, Psyche


Innate Abilities, Weirdness & Mutations

You have a pair of horns on your head.
You reflexively headbutt those who attack you in melee.


Message History

The meliai hits you with a +0 hand axe. The meliai stings you!
Psyche miscasts a cantrip.
The meliai closely misses you. The meliai stings you.
You are poisoned.
The meliai poisons you! The slime creature closely misses you.
The slime creature hits you but does no damage.
You climb upwards.
You feel extremely sick.
There is a stone staircase leading down, spattered with blood here.
You thump the meliai!
The meliai is moderately wounded.
You feel very sick. The meliai hits you with a +0 hand axe.
The meliai stings you! The slime creature hits you!
* * * LOW HITPOINT WARNING * * *
The slime creature hits you but does no damage.
The meliai barely misses you. You furiously retaliate!
You headbutt the meliai!
You kill the meliai!
Trog accepts your kill.
You feel better. The slime creature hits you.
The slime creature hits you but does no damage.
You barely miss the slime creature.
The slime creature is moderately wounded.
You sock the slime creature!
The slime creature is heavily wounded.
The slime creature hits you!
* * * LOW HITPOINT WARNING * * *
The slime creature barely misses you.
You hit the slime creature. You headbutt the slime creature.
The slime creature is heavily wounded.
The slime creature hits you!
* * * LOW HITPOINT WARNING * * *
The slime creature hits you.
* * * LOW HITPOINT WARNING * * *
You hit the slime creature. You headbutt the slime creature!
The slime creature is almost dead.
The slime creature hits you.
* * * LOW HITPOINT WARNING * * *
The slime creature hits you!
You die...

#######################
#......................
#......................
#...########.######....
#.).'[@J...#.#....#....
###########...#J[)...#.#....#....
..............#......#.#....#....
..............#......#.#....#....
..............####'###.##...##...
........................#....#...
.....#######............#....#...
###### #............#....#... #
#............#'####...


You could see 2 slime creatures.

Vanquished Creatures
  Fannar (D:11)
  Erica (D:11)
  3 two-headed ogres
  3 meliai (D:11)
  2 cyclopes (D:11)
  A gargoyle (D:11)
  An unseen horror (D:11)
  2 trolls
  2 slime creatures (D:11)
  9 yaks (D:8)
  2 wyverns (D:8)
  2 steam dragons
  2 wraiths
  9 vampire mosquitoes
  4 acid dragons
  5 water moccasins
  4 orc warriors
  An ice beast (D:6)
  5 ogres
  A black bear (D:8)
  6 centaurs
  A phantom (D:5)
  A weeping skull (Ossuary)
  5 elf zombies (Ossuary)
  2 kobold brigands
  2 bullfrogs
  2 gnoll sergeants (D:9)
  2 scorpions
  3 wights (D:10)
  4 killer bees (D:10)
  6 howler monkeys
  2 bombardier beetles
  3 centaur zombies (Ossuary)
  A human zombie (Ossuary)
  7 hounds
  2 gnoll boudas (D:8)
  6 orc priests
  A spectral scorpion (Ossuary)
  2 jellies
  Ijyb (D:5)
  3 iguanas (D:6)
  2 sleepcaps (D:6)
  15 orc wizards
  A killer bee zombie (Ossuary)
  2 hound zombies (Ossuary)
  3 mummies (Ossuary)
  7 adders
  11 gnolls
  2 shadow imps
  A white imp (D:6)
  5 ufetubi
  5 adder zombies (Ossuary)
  A ribbon worm (D:2)
  2 dart slugs
  46 orcs
  2 endoplasms
  5 giant cockroaches
  9 goblins
  6 hobgoblins
  3 jackals (D:4)
  3 quokkas
  8 ball pythons
  3 ball python zombies (Ossuary)
  5 bats
  4 frilled lizards
  A gnoll zombie (Ossuary)
  5 jackal zombies (Ossuary)
  9 kobolds
  2 kobold zombies (Ossuary)
  2 orc zombies (Ossuary)
  6 rats
298 creatures vanquished.

Notes
Turn   | Place    | Note
-------+----------+-------------------------------------------
     0 | D:1      | Curundu the Minotaur Berserker began the quest for the Orb.
     0 | D:1      | Reached XP level 1. HP: 19/19 MP: 0/0
   140 | D:1      | Reached XP level 2. HP: 27/27 MP: 1/1
   406 | D:1      | Reached skill level 4 in Axes
   547 | D:1      | Reached ** piety under Trog
   862 | D:2      | Reached XP level 3. HP: 33/33 MP: 2/2
  1053 | D:2      | Reached skill level 5 in Axes
  1053 | D:2      | Reached XP level 4. HP: 22/40 MP: 3/3
  1234 | D:2      | Found a faded altar of an unknown god.
  2486 | D:4      | Reached skill level 6 in Axes
  2486 | D:4      | Reached XP level 5. HP: 44/46 MP: 4/4
  2553 | D:4      | Reached *** piety under Trog
  2745 | D:4      | Found a glowing golden altar of the Shining One.
  2840 | D:4      | Found Ythrump's Magic Scroll Shop.
  2843 | D:4      | Bought a scroll of identify for 20 gold pieces
  2843 | D:4      | Bought a scroll of identify for 20 gold pieces
  3055 | D:4      | Found an ornate altar of the Wu Jian Council.
  3362 | D:5      | Entered Level 5 of the Dungeon
  3464 | D:5      | Found a sand-covered staircase.
  3474 | Ossuary  | Entered an ossuary
  3525 | Ossuary  | Reached skill level 7 in Axes
  3534 | Ossuary  | Reached XP level 6. HP: 45/52 MP: 5/5
  3547 | Ossuary  | Reached skill level 8 in Axes
  3619 | Ossuary  | Reached skill level 9 in Axes
  3619 | Ossuary  | Reached XP level 7. HP: 48/59 MP: 6/6
  3693 | Ossuary  | Reached **** piety under Trog
  3702 | Ossuary  | Reached skill level 10 in Axes
  3937 | D:5      | Reached skill level 11 in Axes
  4074 | D:5      | Reached XP level 8. HP: 66/66 MP: 7/7
  4133 | D:5      | Noticed Ijyb
  4139 | D:5      | Killed Ijyb
  4543 | D:5      | Reached skill level 12 in Axes
  4797 | D:6      | Reached skill level 13 in Axes
  5096 | D:6      | Reached XP level 9. HP: 66/71 MP: 8/8
  5099 | D:6      | Reached skill level 14 in Axes
  5601 | D:7      | Found a faded altar of an unknown god.
  5601 | D:7      | Found a hazy altar of Hepliaklqana.
  5606 | D:7      | Found a faded altar of an unknown god.
  5808 | D:7      | Reached ***** piety under Trog
  5864 | D:7      | Reached skill level 15 in Axes
  5930 | D:7      | Found a staircase to the Ecumenical Temple.
  6068 | D:7      | Found a burning altar of Makhleb.
  6361 | D:7      | Found a sacrificial altar of Ru.
  6604 | D:8      | Reached skill level 16 in Axes
  6705 | D:8      | Noticed a two-headed ogre
  6712 | D:8      | Killed a two-headed ogre
  6713 | D:8      | Reached XP level 10. HP: 44/78 MP: 9/9
  6717 | D:8      | Reached skill level 17 in Axes
  6975 | D:8      | Found a white marble altar of Elyvilon.
  6984 | D:8      | Found a shadowy altar of Dithmenos.
  7019 | D:8      | Identified the ring "Kibis" {rPois Str+3 Int+6}
  7276 | D:8      | Reached skill level 18 in Axes
  7414 | D:8      | Found an iron altar of Okawaru.
  7650 | D:9      | Noticed a two-headed ogre
  7660 | D:9      | Killed a two-headed ogre
  7661 | D:9      | Reached skill level 19 in Axes
  7746 | D:9      | Found a flagged portal.
  7860 | D:9      | Found a staircase to the Lair.
  7864 | D:9      | Identified the +1 leather armour of Qatreol {*Corrode rF++
                  | rC+ SInv}
  7983 | D:9      | Noticed a two-headed ogre
  7994 | D:9      | Killed a two-headed ogre
  7995 | D:9      | Reached XP level 11. HP: 51/85 MP: 10/10
  8236 | D:9      | Found a radiant altar of Vehumet.
  8352 | D:9      | Found a staircase to the Orcish Mines.
  8356 | D:9      | Reached skill level 5 in Fighting
  8376 | D:9      | Received a gift from Trog
  8671 | D:9      | Found a blossoming altar of Fedhas.
  8783 | D:10     | Entered Level 10 of the Dungeon
  8928 | D:10     | Reached skill level 5 in Armour
  9503 | D:10     | Found Ruoluy's Armour Shop.
  9646 | D:10     | Identified a scroll of acquirement
  9646 | D:10     | Acquired the ring of the Open Hand {Fly rPois rC- Dex+3
                  | SInv}
 10442 | D:11     | Noticed Fannar
 10451 | D:11     | Killed Fannar
 10526 | D:11     | Noticed Erica
 10535 | D:11     | Killed Erica
 11002 | D:12     | Noticed an orange crystal statue
 11044 | D:12     | Noticed a skeletal warrior
 11044 | D:12     | Noticed a skeletal warrior
 11044 | D:12     | Noticed Psyche
 11045 | D:12     | Noticed a skeletal warrior
 11060 | D:11     | HP: 4/97 [slime creature (11)]
 11319 | D:12     | Noticed Maurice
 11327 | D:11     | Slain by a slime creature

Illustrated notes

Levels and vault maps discovered:
D:1:      onia_arrival_handbag, layout_loops_ring, nrook_mini_backslash
D:2:      layout_loops_ring, shapermc_ecumenical_altar_hornbeckon
D:3:      layout_loops_corners
D:4:      layout_loops_corners, nzn_wu_jian_contemplation,
          nicolae_tso_carved_into_rock, serial_shops, nicolae_shop_rolled_up
D:5:      layout_loops_cross, mainiacjoe_ossuary_entry_dusty_tomb,
          chequers_avenue, uniq_ijyb
D:6:      layout_gridville, kennysheep_nub, minmay_pentangle
D:7:      layout_basic, nicolae_ru_path_of_blood,
          nicolae_hepliaklqana_ecumenical_no_more, general_overflow_altar,
          minmay_temple_entry_mist
D:8:      minmay_thinvault, layout_loops_ring, overflow_temple_1_default,
          amethyst_overflow_temple_binary
D:9:      layout_roguey, mainiacjoe_overflow_alcove_2, kennysheep_mini,
          lair_entry_dummy, kennysheep_orc_monster_closet_entryway,
          enter_bailey_5, chequers_serial_rivers_large_b
D:10:     layout_irregular_city, serial_shops, nicolae_shop_crystal
D:11:     layout_irregular_city, uniq_erica, uniq_fannar
D:12:     layout_basic, minmay_protected_statue, uniq_psyche, uniq_urug,
          uniq_erolcha, uniq_maurice, uniq_azrael

Skill      XL: |  1  2  3  4  5  6  7  8  9 10 11 |
---------------+----------------------------------+-----
Axes           | 4 5 6 7 9 11 13 16 19 | 19.2
Fighting       | 4 9 |  9.6
Armour         | 3 9 |  9.2
Dodging        | |  2.8

Action                     |  1- 3 |  4- 6 |  7- 9 | 10-12 || total
---------------------------+-------+-------+-------+-------++-------
  Melee: Hand axe          |    49 |       |       |       ||    49
         Headbutt          |     5 |    18 |    58 |    71 ||   152
         War axe           |    21 |     4 |       |       ||    25
         Punch             |     1 |       |     4 |     4 ||     9
         Flail             |       |    85 |   222 |   309 ||   616
  Throw: Throwing net      |       |       |       |     1 ||     1
 Invoke: Trog's Hand       |       |       |     6 |     4 ||    10
         Berserk           |       |       |     1 |     1 ||     2
    Use: Scroll            |     6 |     5 |     5 |     5 ||    21
         Potion            |       |       |       |     5 ||     5
   Stab: Sleeping          |     1 |       |       |       ||     1
         Held in net/web   |       |       |       |     1 ||     1
 Armour: Animal skin       |    13 |       |       |       ||    13
         Ring mail         |    12 |     4 |       |       ||    16
         Scale mail        |       |    34 |    98 |       ||   132
         Chain mail        |       |       |    55 |   115 ||   170
         Plate armour      |       |       |       |   155 ||   155
  Dodge: Dodged            |    70 |   109 |   230 |   244 ||   653

Table legend: (Time is in decaauts)
 A = Elapsed time spent in this place.
 B = Non-inter-level travel time spent in this place.
 C = Inter-level travel time spent in this place.
 D = Time resting spent in this place.
 E = Time spent auto-exploring this place.
 F = Levels seen in this place.
 G = Mean time per level.
                   A        B        C        D        E       F      G
               +--------+--------+--------+--------+--------+-----+--------+
         Total |  11351 |  11345 |      6 |    706 |   8012 |  13 |  873.2 |
       Dungeon |  10910 |  10904 |      6 |    706 |   7825 |  12 |  909.2 |
       Ossuary |    441 |    441 |      0 |      0 |    187 |   1 |  441.0 |
               +--------+--------+--------+--------+--------+-----+--------+

Top non-repeatable levels by time:
    D:11: 1676 daAuts
     D:8: 1201 daAuts
     D:9: 1147 daAuts
     D:7: 920 daAuts
     D:2: 916 daAuts
     D:3: 914 daAuts
     D:4: 881 daAuts
     D:5: 869 daAuts
    D:10: 854 daAuts
     D:6: 844 daAuts
     D:1: 675 daAuts
 Ossuary: 441 daAuts
    D:12: 6 daAuts
